 Dungeon Crawl Stone Soup version 0.32-a0-913-g739538afd8 (webtiles) character file.

Game seed: 5826283251160854774

3684 croobank the Covert (level 10, -1/69 HPs)
             Began as an Octopode Delver on Apr 9, 2024.
             Slain by a wyvern zombie (12 damage)
             ... on level 7 of the Dungeon.
             The game lasted 00:35:44 (9583 turns).

croobank the Covert (Octopode Delver)               Turns: 9583, Time: 00:35:44

Health: -1/69      AC:  1    Str: 12    XL:     10   Next: 13%
Magic:  16/16      EV: 14    Int: 16    God:
Gold:   269        SH:  4    Dex: 14    Spells: 17/17 levels left

rFire   . . .        v - +2 scimitar (vamp)
rCold   . . .        r - +0 buckler
rNeg    . . .        (helmet restricted)
rPois   .            g - amulet of magic regeneration
rElec   .            (no ring)
rCorr   .            (no ring)
SInv    .            (no ring)
Will    .....        (no ring)
Stlth   ++++++       (no ring)
HPRegen 0.31/turn    (no ring)
MPRegen 0.55/turn    (no ring)
                     (no ring)

%: no passive effects
@: no status effects
A: almost no armour, amphibious, 8 rings, camouflage 1, gelatinous body 1,
(nimble swimmer 1), tentacles
a: no special abilities


You were on level 7 of the Dungeon.
You visited 1 branch of the dungeon, and saw 7 of its levels.

You collected 269 gold pieces.

Inventory:

Hand Weapons
 a - a +0 short sword
 h - a +2 heavy mace
 i - a +2 scimitar
 o - a +0 flail
 p - a +0 dagger
 q - a +0 trident
 v - a +2 vampiric scimitar (weapon)
 w - a +2 whip of electrocution
 y - a +3 dagger
Missiles
 m - 2 boomerangs
 s - 4 poisoned darts (quivered)
Armour
 r - a +0 buckler (worn)
Magical Staves
 e - a staff of alchemy
Jewellery
 g - an amulet of magic regeneration (around mantle)
Wands
 f - a wand of digging (1)
 t - a wand of roots (8)
 u - a wand of paralysis (1)
 x - a wand of flame (12)
 z - a wand of quicksilver (5)
Scrolls
 c - a scroll of revelation
 n - 2 scrolls of poison
Potions
 b - a potion of mutation {unknown}
 d - 4 potions of brilliance
 k - a potion of berserk rage {unknown}
 l - a potion of invisibility {unknown}


   Skills:
 + Level 6.8 Fighting
 + Level 6.4 Short Blades
 + Level 6.3 Dodging
 + Level 10.8 Stealth
 + Level 2.3 Shields
 * Level 4.2 Spellcasting
 * Level 4.6 Air Magic


You had 17 spell levels left.
You didn't know any spells.
Your spell library contained the following spells:

 Spells                   Type           Power      Damage    Failure   Level
 Alistair's Intoxication  Alch           2%         N/A       100%        5
 Borgnjor's Vile Clutch   Necr/Erth      1%         N/A       100%        5
 Eringya's Noxious Bog    Alch           1%         4d6       100%        6


Dungeon Overview and Level Annotations

Branches:
Dungeon (7/15)             Temple (0/1) D:7

Altars:
Hepliaklqana
Makhleb
Nemelex Xobeh
Qazlal
Ru
Sif Muna
Uskayaw
Vehumet
Yredelemnul

Shops:
D:1 (:   D:5 :

Annotations:
D:2 Terence


Innate Abilities, Weirdness & Mutations

You cannot wear most types of armour.
You are amphibious.
You can wear up to eight rings at the same time.
Your skin changes colour to match your surroundings (Stealth+).
Your rubbery body absorbs attacks. (AC +1, EV +1)
((You are camouflaged when in or above water. (Stealth+)))
You have tentacles for arms and can constrict up to eight enemies at once.


Message History

* * * LOW HITPOINT WARNING * * *
You feel better. The wyvern zombie misses you. The wyvern zombie bites you.
* * * LOW HITPOINT WARNING * * *
Okay, then.
Okay, then.
Okay, then.
Okay, then.
Aiming: Paralyse
Press: ? - help, Shift-Dir - straight line, f - wyvern zombie
Aim: a wyvern zombie (severely damaged, chance to affect: 61%)
The wyvern zombie resists with significant effort.
The wyvern zombie completely misses you.
Aiming: Paralyse
Press: ? - help, Shift-Dir - straight line, f/p - wyvern zombie
Aim: a wyvern zombie (severely damaged, chance to affect: 61%)
The wyvern zombie resists with significant effort.
The wyvern zombie barely misses you.
Aiming: Throw Flame
Press: ? - help, Shift-Dir - straight line, f/p - wyvern zombie
Aim: a wyvern zombie (severely damaged, 89% to hit)
Okay, then.
Aiming: Quicksilver Bolt
Press: ? - help, Shift-Dir - straight line, f - wyvern zombie, p - wyvern zombie
Aim: a wyvern zombie (lightly damaged, 90% to hit)
The bolt of dispelling energy hits the wyvern zombie!
The wyvern zombie is almost destroyed.
The bolt of dispelling energy hits the wyvern zombie!
The wyvern zombie is heavily damaged.
The wyvern zombie barely misses you. x2
Aiming: Quicksilver Bolt
Press: ? - help, Shift-Dir - straight line, f/p - wyvern zombie
Aim: a wyvern zombie (heavily damaged, 90% to hit)
The bolt of dispelling energy hits the wyvern zombie!
You destroy the wyvern zombie!
The bolt of dispelling energy hits the wyvern zombie!
The wyvern zombie is severely damaged.
You hit the wyvern zombie.
The wyvern zombie is almost destroyed.
The wyvern zombie bites you!
You die...

#. ##.###............
#.# #...##<...........
♣.♣ #...........[.....
♣.♣.♣♣...##............
♣...♣..#####........##
♣♣♣♣♣.♣♣#####...)....#
♣...♣♣...............#
♣._...♣♣.......#######
♣...♣♣@♣.####.##
♣.♣♣♣♣♣Z♣♣.# #.#######
♣.)....♣.#.####.......#
..♣♣.♣....#............#
♣..#.....#...#....#
######...#.⌠.#....#
#.###...###..#
##............#
#...⌠..>..⌠...#


You could see a wyvern zombie.

Vanquished Creatures
  Pikel (D:5)
  A wyvern (D:7)
  Duvessa (D:6)
  2 orc warriors
  A water moccasin (D:5)
  3 black bears
  A sky beast (D:7)
  2 ice beasts
  3 ogres
  A centaur (D:7)
  A kobold brigand (D:6)
  2 bullfrogs
  2 gnoll sergeants
  2 wyvern zombies (D:7)
  4 scorpions
  A wight (D:5)
  Dowan (D:6)
  2 howler monkeys (D:7)
  3 bombardier beetles (D:5)
  2 orc priests (D:5)
  A centaur zombie (D:7)
  2 hounds
  A jelly (D:6)
  6 iguanas
  Ijyb (D:3)
  5 orc wizards
  2 sleepcaps (D:4)
  A killer bee zombie (D:7)
  A howler monkey zombie (D:7)
  7 gnolls
  9 adders
  4 ufetubi
  4 ribbon worms
  A dart slug (D:2)
  22 orcs
  7 endoplasms
  2 giant cockroaches
  6 goblins
  8 hobgoblins
  14 kobolds
  7 quokkas
  9 ball pythons
  8 bats
  2 frilled lizards (D:1)
  5 rats
171 creatures vanquished.

Notes
Turn   | Place    | Note
-------+----------+-------------------------------------------
     0 | D:5      | croobank the Octopode Delver began the quest for the Orb.
     0 | D:5      | Reached XP level 1. HP: 16/16 MP: 1/1
    44 | D:5      | Noticed a gnoll sergeant
    59 | D:5      | Noticed an ogre
    60 | D:5      | Noticed a lemure
    63 | D:5      | Noticed a lemure
    63 | D:5      | Noticed Pikel
    65 | D:5      | Noticed a lemure
    67 | D:5      | Noticed a lemure
    76 | D:3      | Noticed Ijyb
   238 | D:1      | Reached XP level 2. HP: 21/21 MP: 2/2
   294 | D:1      | Found Fommauz's Weapon Boutique.
   808 | D:1      | Found Katoez's Book Shop.
   829 | D:1      | Found a faded altar of an unknown god.
   985 | D:2      | Reached XP level 3. HP: 21/26 MP: 3/3
  1319 | D:2      | Reached skill level 7 in Stealth
  1514 | D:2      | Reached XP level 4. HP: 31/31 MP: 4/4
  1948 | D:2      | Noticed Terence
  2510 | D:3      | Noticed a bullfrog
  2515 | D:3      | Killed a bullfrog
  2516 | D:3      | Reached XP level 5. HP: 37/37 MP: 5/5
  2623 | D:3      | Killed Ijyb
  2967 | D:3      | Found a radiant altar of Vehumet.
  3190 | D:3      | Reached XP level 6. HP: 43/43 MP: 6/6
  3352 | D:4      | Reached skill level 8 in Stealth
  3943 | D:4      | Reached XP level 7. HP: 5/49 MP: 7/7
  4695 | D:4      | Found a sparkling altar of Nemelex Xobeh.
  5281 | D:5      | Reached skill level 5 in Fighting
  5391 | D:5      | Killed Pikel
  5392 | D:5      | Reached skill level 5 in Short Blades
  5392 | D:5      | Reached skill level 5 in Dodging
  5392 | D:5      | Reached skill level 9 in Stealth
  5392 | D:5      | Reached XP level 8. HP: 21/57 MP: 8/8
  5650 | D:5      | Found a hazy altar of Hepliaklqana.
  5673 | D:5      | Found Ezask's Book Boutique.
  5912 | D:5      | Reached skill level 1 in Air Magic
  5917 | D:5      | Reached skill level 1 in Spellcasting
  6209 | D:5      | Reached skill level 10 in Stealth
  6277 | D:5      | Reached XP level 9. HP: 51/62 MP: 11/11
  6532 | D:5      | Found a shimmering blue altar of Sif Muna.
  6541 | D:5      | Found a burning altar of Makhleb.
  6541 | D:5      | Found a sacrificial altar of Ru.
  7997 | D:6      | Reached skill level 1 in Shields
  8347 | D:6      | Noticed Dowan
  8351 | D:6      | Noticed Duvessa
  8353 | D:6      | Killed Dowan
  8360 | D:6      | Killed Duvessa
  8451 | D:6      | Found a stormy altar of Qazlal.
  8704 | D:6      | Found a hide-covered altar of Uskayaw.
  8901 | D:7      | Found a staircase to the Ecumenical Temple.
  9144 | D:7      | Reached XP level 10. HP: 65/69 MP: 15/15
  9256 | D:7      | Found a basalt altar of Yredelemnul.
  9577 | D:7      | HP: 2/69 [wyvern zombie (8)]
  9583 | D:7      | Slain by a wyvern zombie

Illustrated notes

Levels and vault maps discovered:
D:1:      spicycebolla_green_bress_n_ham, layout_loops_ring, serial_shops, shop,
          nicolae_shop_just_a_little_nook, ebering_ecumenical_altar_mist,
          minmay_quantized
D:2:      wad_lake_hut, layout_basic, uniq_terence
D:3:      layout_basic, overflow_temple_1_default, uniq_ijyb
D:4:      layout_cave_pods, nemelex_spade_bored_becter
D:5:      minmay_octagon_keep, layout_basic,
          gammafunk_temple_overflow_forgotten, nzn_hepliaklqana_mist_gate,
          serial_shops, shop, uniq_pikel
D:6:      layout_basic, nicolae_uskayaw_dance_hall,
          mainiacjoe_overflow_brackets, uniq_duvessa
D:7:      layout_loops_ring, nicolae_yredelemnul_corpse_copse,
          minmay_temple_entry_junction_2, hangedman_feature_mirror

Skill      XL: |  1  2  3  4  5  6  7  8  9 10 |
---------------+-------------------------------+-----
Stealth        | 7 8 9 10 | 10.8
Short Blades   | 3 4 5 6 |  6.4
Dodging        | 3 5 6 |  6.3
Fighting       | 4 5 6 |  6.8
Air Magic      | 2 4 |  4.6
Spellcasting   | 1 3 4 |  4.2
Shields        | 2 |  2.3

Action                     |  1- 3 |  4- 6 |  7- 9 | 10-12 || total
---------------------------+-------+-------+-------+-------++-------
  Melee: Short sword       |    70 |   107 |   255 |       ||   432
         Constrict         |    20 |    26 |    56 |     6 ||   108
         Tentacles         |    13 |    18 |    80 |    10 ||   121
         Scimitar          |       |       |    38 |    35 ||    73
         Dagger            |       |       |       |     1 ||     1
  Throw: Boomerang         |       |       |    51 |       ||    51
         Dart              |       |       |    15 |       ||    15
  Evoke: Wand              |       |     3 |     5 |     4 ||    12
    Use: Scroll            |     1 |     4 |     4 |     1 ||    10
         Potion            |       |     4 |     9 |     2 ||    15
   Stab: Sleeping          |     9 |    13 |     9 |       ||    31
         Distracted        |       |     1 |     1 |       ||     2
 Armour: Skin              |    32 |    58 |   123 |    29 ||   242
  Dodge: Dodged            |    33 |    49 |   138 |    25 ||   245
  Block: Buckler           |       |       |    26 |    11 ||    37

Table legend: (Time is in decaauts)
 A = Elapsed time spent in this place.
 B = Non-inter-level travel time spent in this place.
 C = Inter-level travel time spent in this place.
 D = Time resting spent in this place.
 E = Time spent auto-exploring this place.
 F = Levels seen in this place.
 G = Mean time per level.
                   A        B        C        D        E       F      G
               +--------+--------+--------+--------+--------+-----+--------+
         Total |   9513 |   9085 |    428 |   3070 |   4303 |   7 | 1359.0 |
       Dungeon |   9513 |   9085 |    428 |   3070 |   4303 |   7 | 1359.0 |
               +--------+--------+--------+--------+--------+-----+--------+

Top non-repeatable levels by time:
     D:5: 2472 daAuts
     D:4: 2067 daAuts
     D:2: 1339 daAuts
     D:3: 1164 daAuts
     D:6: 1143 daAuts
     D:1: 831 daAuts
     D:7: 494 daAuts
